 Dungeon Sprint DCSS version 0.23.2-30-g0e89c35 (webtiles) character file.

Game seed: 16767328798123002504

4764 Fang the Fighter (level 10, -5/65 HPs)
             Began as a Gargoyle Berserker on June 12, 2019.
             Was a High Priest of Trog.
             Killed from afar by a black draconian (6 damage)
             ... with a bolt of lightning
             ... in the Dungeon (Sprint V: "Ziggurat Sprint").
             The game lasted 00:02:21 (619 turns).

Fang the Fighter (Gargoyle Berserker)                Turns: 619, Time: 00:02:21

Health: -5/65      AC: 38    Str: 36    XL:     10   Next: 47%
Magic:  10/10      EV: 13    Int:  8    God:    Trog [*****.]
Gold:   0          SH:  0    Dex:  9    Spells: 9/9 levels left

rFire    . . .     SeeInvis .   k - +5 executioner's axe
rCold    . . .     Gourm    .   (shield currently unavailable)
rNeg     + . .     Faith    .   j - +15 Maxwell's patent armour {-Cast -Tele rElec MR+ rCorr}
rPois    ∞         Spirit   .   (no helmet)
rElec    +         Reflect  .   (no cloak)
rCorr    +         Harm     .   (no gloves)
MR       +++..     Rnd*Rage +   (no boots) Stlth ..........NoTele +
                                (no amulet)
HPRegen  1.20/turn NoCast   +   D - +6 ring of strength
MPRegen  0.12/turn              E - +6 ring of strength

@: berserk cooldown, regenerating, slowed, very slow
A: berserk 1, frail 1, negative energy resistance 1, electricity resistance,
unbreathing, petrification resistance, rot immunity, AC +7
a: Berserk, Trog's Hand, Brothers in Arms, Renounce Religion


You were in the Dungeon.
You worshipped Trog.
Trog was extremely pleased with you.
You were very hungry.

You visited 1 branch

Inventory:

Hand Weapons
 k - a +5 executioner's axe (weapon)
Armour
 j - the +15 Maxwell's patent armour (worn) {-Cast -Tele rElec MR+ rCorr}
   (You found it in the Dungeon)

   It insulates you from electricity.
   It affects your resistance to hostile enchantments.
   It prevents spellcasting.
   It prevents most forms of teleportation.
   It provides partial protection from all sources of acid and corrosion.
Jewellery
 b - the ring of the Mage {Wiz MR++ Int+3}
   (You found it in the Dungeon)

   [ring of wizardry]

   It improves your spell success rate.
   It affects your intelligence (+3).
   It affects your resistance to hostile enchantments.
 f - an uncursed ring of protection from cold
 D - a +6 ring of strength (left hand)
 E - a +6 ring of strength (right hand)
Wands
 w - a wand of disintegration (7)
 x - a wand of iceblast (7)
 y - a wand of acid (7)
Scrolls
 i - 4 scrolls of blinking
 l - 7 scrolls of fog
 m - 2 scrolls of holy word
 n - 5 scrolls of identify
 o - 5 scrolls of remove curse
 p - 2 scrolls of fear
Potions
 d - 11 potions of curing
 e - 10 potions of heal wounds
 g - 7 potions of magic
 h - 3 potions of berserk rage
 r - 2 potions of invisibility
 s - 4 potions of resistance
 t - a potion of experience
Comestibles
 a - 2 chunks of flesh
 c - 7 rations


   Skills:
 + Level 13.4 Fighting
 + Level 11.5 Axes
 + Level 13.2 Armour
 + Level 10.5 Dodging


You had 9 spell levels left.
You didn't know any spells.
Your spell library was empty.

Dungeon Overview and Level Annotations

Branches:
Dungeon (1/1)

Altars:
Ashenzari
Cheibriados
Dithmenos
Elyvilon
Fedhas
Gozag
Hepliaklqana
Kikubaaqudgha
Makhleb
Nemelex Xobeh
Okawaru
Qazlal
Ru
Sif Muna
Trog
Uskayaw
Vehumet
Wu Jian
Xom
Yredelemnul
Zin
The Shining One
Beogh
Jiyva
Lugonu

Annotations:
D 1 transporter


Innate Abilities, Weirdness & Mutations

You are resistant to torment.
Your stone body is resilient. (AC +7)
You are immune to poison.
You resist negative energy. (rN+)
You are resistant to electric shocks. (rElec)
You can survive without breathing.
You are immune to petrification.
You are immune to rotting.
You tend to lose your temper in combat.
You are frail. (-10% HP)


Message History

The red draconian hits you but does no damage.
The black draconian hits you but does no damage.
The draconian misses you.
The draconian hits you but does no damage.
The black draconian hits you but does no damage.
The red draconian barely misses you.
You barely miss the black draconian.
The black draconian is almost dead.
You closely miss the red draconian. You barely miss the draconian.
The draconian hits you from afar with a +5 antimagic spear.
* * * LOW HITPOINT WARNING * * *
The draconian hits you but does no damage.
The red draconian breathes flames at you.
The searing blast hits you.
* * * LOW HITPOINT WARNING * * *
The black draconian breathes lightning at you.
The bolt of lightning hits you! You resist.
* * * LOW HITPOINT WARNING * * *
The bolt of lightning hits you. You resist.
You die...

▓▓▓▓▓▓▓▓▓
▓..8©8..▓
▓..))|..▓
▓..)[)..▓
▓.......▓
▓.......▓
▓...d)..▓
▓..d.d..▓
▓.▓d@.▓.▓
▓...©☼..▓
▓▓▓▓▓▓▓▓▓


You could see a black draconian, a red draconian and 2 draconians.

Vanquished Creatures
  A green draconian (D)
  3 ugly things (D)
  5 draconians (D)
  A yak (shapeshifter) (D)
  Sigmund (D)
  2 neqoxecs (D)
  A porcupine (D)
  Blork the orc (D)
  2 jellies (D)
  Jessica (D)
  2 adders (D)
  2 river rats (D)
  3 ball pythons (D)
  A jackal (D)
26 creatures vanquished.

Vanquished Creatures (others)
  2 death oozes (D)
  Sonja (D)
  Ijyb (D)
4 creatures vanquished.

Grand Total: 30 creatures vanquished

Notes
Turn   | Place    | Note
-------+----------+-------------------------------------------
     0 | D        | Found the +6 Majin-Bo {vamp, Archmagi MP+6 Int+6}
     0 | D        | Found the +7 great mace "Firestarter" {inner flame, rF++}
     0 | D        | Fang the Gargoyle Berserker began the quest for the Orb.
     0 | D        | Reached XP level 1. HP: 14/14 MP: 1/1
     0 | D        | Found a blossoming altar of Fedhas.
     1 | D        | Found a transporter.
     1 | D        | Found a viscous altar of Jiyva.
     1 | D        | Found an ancient bone altar of Kikubaaqudgha.
     1 | D        | Found a hazy altar of Hepliaklqana.
     1 | D        | Found a corrupted altar of Lugonu.
     1 | D        | Found an opulent altar of Gozag.
     1 | D        | Found a burning altar of Makhleb.
     6 | D        | Found an iron altar of Okawaru.
     6 | D        | Found a stormy altar of Qazlal.
     6 | D        | Found a sparkling altar of Nemelex Xobeh.
     6 | D        | Found a sacrificial altar of Ru.
     6 | D        | Found a deep blue altar of Sif Muna.
    11 | D        | Found the +9 heavy crossbow "Sniper" {velocity, Acc+∞ SInv}
    11 | D        | Found the +10 dark maul {crush}
    11 | D        | Found the +15 Maxwell's patent armour {-Cast -Tele rElec
                  | MR+ rCorr}
    11 | D        | Found the +18 shield of the Gong {rElec rN+ MR+ EV-5}
    11 | D        | Found the cursed +14 obsidian axe {chop, +Fly SInv *Curse}
    25 | D        | Found a bloodstained altar of Trog.
    67 | D        | Entered arena 2.
    67 | D        | Noticed a jelly
    67 | D        | Noticed a jelly
    67 | D        | Found a transporter.
    70 | D        | Killed a jelly
    70 | D        | Reached XP level 2. HP: 20/20 MP: 2/2
    70 | D        | Reached XP level 3. HP: 24/24 MP: 3/3
    71 | D        | Reached skill level 5 in Fighting
    71 | D        | Reached XP level 4. HP: 31/31 MP: 4/4
   118 | D        | Entered arena 3.
   118 | D        | Noticed Sigmund
   118 | D        | Noticed Jessica
   118 | D        | Noticed Blork the orc
   118 | D        | Found a transporter.
   121 | D        | Killed Jessica
   121 | D        | Reached ** piety under Trog
   121 | D        | Reached skill level 5 in Armour
   135 | D        | Killed Blork the orc
   135 | D        | Reached skill level 5 in Axes
   135 | D        | Reached XP level 5. HP: 23/37 MP: 5/5
   139 | D        | Killed Sigmund
   139 | D        | Reached *** piety under Trog
   139 | D        | Reached skill level 5 in Dodging
   139 | D        | Reached XP level 6. HP: 25/44 MP: 6/6
   219 | D        | Entered arena 4.
   219 | D        | Noticed a draconian
   219 | D        | Noticed a draconian
   219 | D        | Noticed a draconian
   219 | D        | Noticed a draconian
   219 | D        | Found a transporter.
   220 | D        | Found the ring of the Mage {Wiz MR++ Int+3}
   226 | D        | Killed a draconian
   226 | D        | Reached XP level 7. HP: 51/51 MP: 7/7
   238 | D        | Killed a draconian
   238 | D        | Received a gift from Trog
   238 | D        | Reached skill level 10 in Fighting
   238 | D        | Reached XP level 8. HP: 34/57 MP: 8/8
   238 | D        | Killed a draconian
   238 | D        | Reached skill level 10 in Armour
   245 | D        | Killed a draconian
   245 | D        | Reached XP level 9. HP: 30/64 MP: 9/9
   292 | D        | Killed a death ooze
   294 | D        | Killed a death ooze
   324 | D        | Killed Sonja
   411 | D        | Entered arena 5.
   411 | D        | Found a transporter.
   412 | D        | Reached **** piety under Trog
   423 | D        | Entered arena 6.
   423 | D        | Found a transporter.
   425 | D        | Reached ***** piety under Trog
   427 | D        | Received a gift from Trog
   443 | D        | Entered arena 7.
   443 | D        | Noticed a purple ugly thing
   443 | D        | Noticed a cyan ugly thing
   443 | D        | Noticed a brown ugly thing
   444 | D        | Found a transporter.
   450 | D        | Killed a brown ugly thing
   450 | D        | Reached skill level 10 in Axes
   452 | D        | Killed a purple ugly thing
   452 | D        | Killed a brown ugly thing
   454 | D        | Gained mutation: You are frail. (-10% HP) [a neqoxec]
   456 | D        | Received a gift from Trog
   456 | D        | Reached XP level 10. HP: 64/64 MP: 10/10
   457 | D        | Gained mutation: You tend to lose your temper in combat. [a
                  | neqoxec]
   484 | D        | Killed Ijyb
   601 | D        | Entered arena 8.
   601 | D        | Noticed a draconian
   601 | D        | Noticed a draconian
   601 | D        | Noticed a black draconian
   601 | D        | Noticed a red draconian
   601 | D        | Noticed a green draconian
   601 | D        | Noticed a draconian
   602 | D        | Found the +8 longbow "Zephyr" {speed, Dex+3 SInv}
   602 | D        | Found a transporter.
   611 | D        | Killed a green draconian
   611 | D        | Reached skill level 10 in Dodging
   612 | D        | Killed a draconian
   619 | D        | HP: 1/65 [black draconian/bolt of lightning (11)]
   619 | D        | Killed from afar by a black draconian

Skill      XL: |  1  2  3  4  5  6  7  8  9 10 |
---------------+-------------------------------+-----
Fighting       | 4 5 6 7 9 10 11 12 13 | 13.4
Axes           | 3 4 5 6 7 8 9 10 11 | 11.5
Armour         | 3 4 6 7 9 11 12 13 | 13.2
Dodging        | 2 3 4 5 6 7 8 9 10 | 10.5

Action                   |  1- 3 |  4- 6 |  7- 9 | 10-12 || total
-------------------------+-------+-------+-------+-------++-------
Melee: Executioner's axe |     3 |    20 |    40 |    20 ||    83
Invok: Berserk           |     1 |     2 |     1 |     1 ||     5
       Trog's Hand       |       |       |     1 |     1 ||     2
  Eat: Chunk             |       |       |     2 |     2 ||     4
Armor: Plate armour      |     1 |    29 |    54 |    34 ||   118
Dodge: Dodged            |     2 |    22 |    43 |    35 ||   102
